 Dungeon Crawl Stone Soup version 0.27.0-1-g7a089689b8 (webtiles) character file.

Game seed: 16066780696671464713

608 Sin92 the Chopper (level 7, -2/61 HPs)
             Began as a Minotaur Fighter on Aug 8, 2021.
             Slain by a gnoll (8 damage)
             ... on level 5 of the Dungeon.
             The game lasted 00:04:54 (4024 turns).

Sin92 the Chopper (Minotaur Fighter)                Turns: 4024, Time: 00:04:54

Health: -2/61      AC:  9    Str: 22    XL:     7   Next: 19%
Magic:  6/6        EV:  9    Int:  5    God:
Gold:   172        SH: 10    Dex: 13    Spells: 6/6 levels left

rFire    . . .     SeeInvis .   a - +0 war axe
rCold    . . .     Faith    .   c - +0 kite shield
rNeg     . . .     Spirit   .   p - +1 scale mail of Pathos {rCorr Dex+3 Stlth+}
rPois    .         Reflect  .   l - +1 hat
rElec    .         Harm     .   (no cloak)
rCorr    +         Rampage  .   (no gloves)
Will     .....                  (no boots)
Stlth    +.........             (no amulet)
HPRegen  0.20/turn              (no ring)
MPRegen  0.10/turn              (no ring)

@: no status effects
A: horns 2, retaliatory headbutt
a: no special abilities


You were on level 5 of the Dungeon.
You visited 1 branch of the dungeon, and saw 5 of its levels.

You collected 172 gold pieces.

Inventory:

Hand Weapons
 a - a +0 war axe (weapon)
Armour
 b - a +0 scale mail
 c - a +0 kite shield (worn)
 l - a +1 hat (worn)
 o - a +0 chain mail
 p - the +1 scale mail of Pathos (worn) {rCorr Dex+3 Stlth+}
   (You found it on level 4 of the Dungeon)

   Dex:       It affects your dexterity (+3).
   rCorr:     It protects you from acid and corrosion.
   Stlth:     It makes you more stealthy.
Wands
 i - a wand of charming (6)
 m - a wand of iceblast (10)
 n - a wand of paralysis (3)
Scrolls
 d - a scroll of enchant armour {unknown}
 f - a scroll of amnesia
 h - 5 scrolls of identify
 k - a scroll of teleportation
Potions
 g - 2 potions of heal wounds {unknown}
 j - 2 potions of curing {unknown}
 q - a potion of mutation {unknown}


   Skills:
 + Level 5.1 Fighting
 * Level 6.0 Axes
 + Level 5.2 Armour
 + Level 3.2 Dodging
 + Level 5.2 Shields


You had 6 spell levels left.
You didn't know any spells.
Your spell library contained the following spells:

 Spells                   Type           Power      Damage    Failure   Level
 Animate Skeleton         Necr           0%         N/A       99%         1
 Apportation              Tloc           0%         N/A       99%         1
 Corona                   Hex            0%         N/A       99%         1
 Magic Dart               Conj           0%         1d3       99%         1
 Sandblast                Erth           0%         2d4       99%         1
 Summon Small Mammal      Summ           0%         N/A       99%         1
 Passwall                 Tmut/Erth      0%         N/A       100%        2
 Searing Ray              Conj           0%         3d3       100%        2
 Call Canine Familiar     Summ           0%         N/A       100%        3
 Summon Guardian Golem    Hex/Summ       0%         N/A       100%        3
 Fulminant Prism          Conj/Hex       0%         3d6       100%        4
 Lee's Rapid Deconstruct  Erth           0%         3d5*      100%        5


Dungeon Overview and Level Annotations

Branches:
Dungeon (5/15)
 Temple: D:4-7

Altars:
Kikubaaqudgha
Makhleb
Ru
Trog
Yredelemnul

Annotations:
D:4 2 runed translucent doors


Innate Abilities, Weirdness & Mutations

You have a pair of horns on your head.
You reflexively headbutt those who attack you in melee.


Message History

The gnoll shaman is heavily wounded.
You hit the gnoll.
Your shield and scale mail of Pathos prevent you from hitting the gnoll.
The gnoll shaman hits you with a +0 club.
The gnoll hits you but does no damage. The gnoll hits you with a +0 flail.
The gnoll hits you with a +0 club.
The gnoll shaman calls upon its god to heal the gnoll.
The gnoll is healed somewhat.
You completely miss the gnoll shaman. Your headbutt misses the gnoll shaman.
The gnoll shaman is heavily wounded.
You closely miss the gnoll. x2; You block the gnoll's attack.
The gnoll closely misses you. You furiously retaliate!
You headbutt the gnoll. You block the gnoll shaman's attack.
Unknown command.
You slash the gnoll shaman! You headbutt the gnoll shaman.
You kill the gnoll shaman!
You hit the gnoll. You hit the gnoll but do no damage.
The gnoll completely misses you. The gnoll hits you with a +0 club.
The gnoll hits you with a +0 flail!
* * * LOW HITPOINT WARNING * * *
The gnoll hits you with a +0 club.
* * * LOW HITPOINT WARNING * * *
Your Axes skill increases to level 6!
You are too injured to fight recklessly!
Unknown command.
There are monsters nearby!
You are too injured to fight recklessly!
Unknown command.
There are monsters nearby!
You closely miss the gnoll. Your headbutt misses the gnoll.
The gnoll is lightly wounded.
You hit the gnoll but do no damage. The gnoll hits you with a +0 flail.
* * * LOW HITPOINT WARNING * * *
The gnoll closely misses you.
You barely miss the gnoll.
The gnoll is lightly wounded.
You hit the gnoll. The gnoll hits you with a +0 flail.
* * * LOW HITPOINT WARNING * * *
The gnoll hits you with a +0 club!
You die...

# #..#...# .
.=#.#.# ##.
#.#...#
#..##.....#
#...#.....#
.#.#.......###.#
$.....gg.......#
#)@...#####
#.......#.##
#..........##
#............
#............
##...<.##....
....#...## ....
##..#.... ...
#........ .#


You could see 2 gnolls.

Vanquished Creatures
  A water moccasin (D:4)
  An orc warrior (D:4)
  A necrophage (D:4)
  A centaur (D:4)
  A gnoll shaman (D:5)
  A hound (D:4)
  Ijyb (D:4)
  A scorpion zombie (D:5)
  3 adders
  3 gnolls
  An ufetubus (D:4)
  A dart slug (D:1)
  An orc (D:4)
  6 ball pythons
  6 endoplasms
  5 giant cockroaches
  7 hobgoblins
  7 jackals
  3 quokkas
  6 bats (D:1)
  4 frilled lizards
  9 goblins
  6 kobolds
  8 rats
84 creatures vanquished.

Notes
Turn   | Place    | Note
-------+----------+-------------------------------------------
     0 | D:1      | Sin92 the Minotaur Fighter began the quest for the Orb.
     0 | D:1      | Reached XP level 1. HP: 19/19 MP: 0/0
   175 | D:1      | Found a faded altar of an unknown god.
   336 | D:1      | Reached XP level 2. HP: 27/27 MP: 1/1
   470 | D:1      | Reached skill level 3 in Axes
   634 | D:1      | Reached skill level 1 in Dodging
   634 | D:1      | Reached XP level 3. HP: 33/33 MP: 2/2
  1350 | D:2      | Found a basalt altar of Yredelemnul.
  1588 | D:2      | You fall into a shaft and drop 1 floor!
  1852 | D:3      | Reached XP level 4. HP: 40/40 MP: 3/3
  2422 | D:4      | Found a large runed translucent door.
  2422 | D:4      | Found a large runed translucent door.
  2425 | D:4      | Noticed a centaur
  2426 | D:4      | Noticed an orc warrior
  2475 | D:4      | Found a large runed translucent door.
  2475 | D:4      | Found a large runed translucent door.
  2553 | D:4      | Paralysed by a hobgoblin for 5 turns
  2554 | D:4      | Noticed Ijyb
  2571 | D:3      | Reached skill level 4 in Axes
  2571 | D:3      | Paralysed by a hobgoblin for 4 turns
  2600 | D:4      | Killed Ijyb
  2959 | D:4      | Identified the +1 scale mail of Pathos {rCorr Dex+3 Stlth+}
  3164 | D:4      | Noticed a necrophage
  3165 | D:4      | Reached XP level 5. HP: 39/46 MP: 4/4
  3169 | D:4      | Killed a necrophage
  3273 | D:4      | Noticed a water moccasin
  3281 | D:4      | Killed a water moccasin
  3282 | D:4      | Reached skill level 5 in Axes
  3282 | D:4      | Reached XP level 6. HP: 37/53 MP: 5/5
  3633 | D:4      | Found a basalt altar of Yredelemnul.
  3637 | D:4      | Found a bloodstained altar of Trog.
  3637 | D:4      | Found a sacrificial altar of Ru.
  3648 | D:4      | Found a burning altar of Makhleb.
  3648 | D:4      | Found an ancient bone altar of Kikubaaqudgha.
  3717 | D:4      | Killed an orc warrior
  3718 | D:4      | Reached skill level 5 in Shields
  3721 | D:4      | Reached skill level 5 in Fighting
  3721 | D:4      | Reached skill level 5 in Armour
  3721 | D:4      | Reached XP level 7. HP: 23/61 MP: 6/6
  3983 | D:5      | Entered Level 5 of the Dungeon
  4023 | D:5      | Reached skill level 6 in Axes
  4024 | D:5      | Slain by a gnoll

Illustrated notes

Levels and vault maps discovered:
D:1:      lightli_arrival_farm, layout_basic,
          ebering_ecumenical_altar_sacrificial
D:2:      layout_basic, basic_altar
D:3:      layout_rooms
D:4:      layout_basic, minmay_overflow_temple_star_hex, abandoned_shop,
          minmay_hollow_rounded_squares, uniq_ijyb
D:5:      minmay_bubble_buster, layout_rooms, serial_shops,
          nicolae_diamond_shop, minmay_misc_feat_ornament

Skill      XL: |  1  2  3  4  5  6  7 |
---------------+----------------------+-----
Axes           | 3 4 5 6 |  6.0
Dodging        | 1 2 3 |  3.2
Armour         | 4 5 |  5.2
Shields        | 4 5 |  5.2
Fighting       | 4 5 |  5.1

Action                   |  1- 3 |  4- 6 |  7- 9 || total
-------------------------+-------+-------+-------++-------
Melee: War axe           |   102 |    73 |    15 ||   190
       Headbutt          |    10 |     9 |     3 ||    22
  Use: Potion            |       |     1 |       ||     1
       Scroll            |       |       |     3 ||     3
Armor: Scale mail        |    53 |    32 |     3 ||    88
Dodge: Dodged            |    30 |    37 |     5 ||    72
Block: Kite shield       |    69 |    37 |    11 ||   117
